 Dungeon Crawl Stone Soup version 0.19-a0-1122-g39308c2 (webtiles) character file.

114 Lindan9 the Sneak (level 4, -1/33 HPs)
             Began as a Vampire Assassin on Aug 12, 2016.
             Killed by divine providence
             ... invoked by an orc priest
              (16 damage)
             ... on level 3 of the Dungeon.
             The game lasted 00:08:19 (1596 turns).

Lindan9 the Sneak (Vampire Assassin)                Turns: 1596, Time: 00:08:20

Health: -1/33      AC:  3    Str: 10    XL:     4   Next: 67%
Magic:  4/4        EV: 13    Int: 13    God:
Gold:   178        SH:  0    Dex: 16    Spells: 0 memorised, 3 levels left

rFire  . . .     SeeInvis +     j - +2 dagger (vamp)
rCold  . . .     Gourm    .     c - +0 robe
rNeg   + . .     Faith    .     (no shield)
rPois  .         Spirit   .     (no helmet)
rElec  .         Dismiss  .     d - +0 cloak
rCorr  .         Reflect  .     (no gloves)
SustAt .         Harm     .     (no boots)
MR     .....                    (no amulet)
Stlth  ++++......               (no ring)
                                (no ring)

@:
A: fangs 3, see invisible, unbreathing
a: Bat Form


You were on level 3 of the Dungeon.
You were not thirsty.

You visited 1 branch of the dungeon, and saw 3 of its levels.

You collected 178 gold pieces.

Inventory:

Hand Weapons
 a - a +2 dagger
 b - a +0 blowgun
 j - a +2 vampiric dagger (weapon)
Missiles
 e - 31 poisoned needles
 f - 5 curare-tipped needles
Armour
 c - a +0 robe (worn)
 d - a +0 cloak (worn)
Scrolls
 p - a scroll of blinking
Potions
 g - a potion of blood
 h - 2 potions of might
 i - a potion of brilliance {unknown}
 k - a potion of mutation {unknown}
 l - 2 potions of heal wounds {unknown}
 m - a potion of degeneration {unknown}
 n - a potion of flight {unknown}
 o - 2 potions of curing {unknown}


   Skills:
 + Level 2.1 Fighting
 + Level 2.9 Short Blades
 + Level 1.7 Throwing
 + Level 2.5 Dodging
 + Level 7.6 Stealth


You had 3 spell levels left.
You didn't know any spells.

Dungeon Overview and Level Annotations

Branches:
Dungeon (3/15)

Altars:
Gozag
Trog


Innate Abilities, Weirdness & Mutations

You have razor-sharp teeth.
You have supernaturally acute eyesight. (SInv)
You can survive without breathing.


Message History

The orc priest looks braver for a moment.
The giant newt bites you.
The orc priest miscasts a cantrip.
You hit the giant newt.
You feel better.
You kill the giant newt!
You hit the jackal but do no damage. Your bite misses the jackal.
The jackal bites you. The jackal barely misses you.
You hit the jackal but do no damage. The jackal barely misses you.
You closely miss the jackal. The jackal closely misses you.
You hit the jackal.
You feel better.
The jackal is almost dead.
The jackal bites you but does no damage.
The orc priest invokes the aid of Beogh against you.
Beogh smites you!
You hit the jackal but do no damage.
The jackal is almost dead.
The jackal bites you.
The orc priest invokes the aid of Beogh against you.
Beogh smites you!
You die...

#.#
########.....#**,,,,,,,,**
#.### ##..#.## **,,,,,,**
....## ###..##.####**,*****
...8.# #..........#**,*
.....###**#.##...###..,*,*
._.....#*...*#...# ***,,,*
.....#,...>###...# *,,**
...8.#,.##..?....# *,,*
....##***####...@# *,,*
#.###,,,,,* #..#h## *,**
..#*,#***,**##..oo#***,**
..##.# *....$##.oh.....#*
#....# *#.......o.......*
.....# ####..##..<.....*
#....#** ##.,######...*
..#....******#,,*******.#*
####.#..,,,,,,*,,,,,***,.**


You could see 2 orc priests, 2 orcs and 2 jackals.

Vanquished Creatures
  An orc priest (D:3)
  3 adders (D:2)
  An ooze (D:1)
  2 worms (D:2)
  4 giant geckos
  3 orcs (D:3)
  A giant cockroach (D:3)
  6 hobgoblins
  3 jackals (D:2)
  A quokka (D:2)
  5 bats
  2 giant newts
  5 goblins
  4 kobolds
  2 rats
43 creatures vanquished.

Notes
Turn   | Place    | Note
-------+----------+-------------------------------------------
     0 | D:1      | Lindan9 the Vampire Assassin began the quest for the Orb.
     0 | D:1      | Reached XP level 1. HP: 16/16 MP: 1/1
    48 | D:1      | Reached skill level 6 in Stealth
   163 | D:1      | Reached XP level 2. HP: 22/22 MP: 2/2
   467 | D:2      | Found a bloodstained altar of Trog.
   652 | D:2      | Reached XP level 3. HP: 22/27 MP: 3/3
   662 | D:2      | Reached skill level 7 in Stealth
   904 | D:2      | HP: 1/27 [hobgoblin/flail (3)]
   937 | D:3      | Found an opulent altar of Gozag.
  1260 | D:2      | Reached XP level 4. HP: 24/33 MP: 4/4
  1596 | D:3      | Killed from afar by an orc priest

Vault maps used:
D:1:      nicolae_arrival_memento_mori
D:2:      lemuel_crystal_altar
D:3:      grunt_gozag_statues, first_bread

Skill      XL: |  1  2  3  4 |
---------------+-------------+-----
Stealth        | 6 7 |  7.6
Fighting       | 2 |  2.1
Dodging        | 2 |  2.5
Short Blades   | |  2.9
Throwing       | |  1.7

Action                   |  1- 3 |  4- 6 || total
-------------------------+-------+-------++-------
Melee: Dagger            |   119 |    49 ||   168
       Bite              |    10 |     6 ||    16
 Abil: End Transformatio |     1 |       ||     1
       Bat Form          |     1 |       ||     1
  Use: Scroll            |     4 |     3 ||     7
 Stab: Sleeping          |    11 |     1 ||    12
       Distracted        |       |     1 ||     1
  Eat: Corpse            |     3 |     1 ||     4
Armor: Robe              |    27 |     8 ||    35
Dodge: Dodged            |    68 |    34 ||   102
